 Dungeon Crawl Stone Soup version 0.17.0 (webtiles) character file.

1285 craggadee the Basher (level 8, -9/64 HPs)
             Began as a Minotaur Berserker on Nov 16, 2015.
             Was a High Priest of Trog.
             Mangled by an ogre
             ... wielding a +0 giant spiked club
              (24 damage)
             ... on level 4 of the Dungeon.
             The game lasted 00:08:12 (3701 turns).

craggadee the Basher (Minotaur Berserker)           Turns: 3701, Time: 00:08:12

Health: -9/64      AC: 11    Str: 24    XL:     8   Next: 29%
Magic:  7/7        EV:  8    Int:  4    God:    Trog [*****.]
Gold:   289        SH:  0    Dex: 10    Spells: 0 memorised, 7 levels left

rFire  . . .     SeeInvis .     a - +0 mace
rCold  . . .     Clarity  .     t - +3 chain mail {MR+}
rNeg   . . .     SustAt   .     (no shield)
rPois  .         Gourm    .     (helmet restricted)
rElec  .         Spirit   .     (no cloak)
rCorr  .         Warding  .     (no gloves)
rMut   .         Stasis   .     (no boots)
MR     +....                    o - amulet of faith
Stlth  ..........               (no ring)
                                (no ring)

@: lethally poisoned (-9 -> -10), somewhat resistant to hostile enchantments,
extremely unstealthy
A: retaliatory headbutt, horns 2
a: Berserk, Trog's Hand, Brothers in Arms, Burn Spellbooks, Renounce Religion


You were on level 4 of the Dungeon.
You worshipped Trog.
Trog was extremely pleased with you.
You were not hungry.

You visited 1 branch of the dungeon, and saw 4 of its levels.

You collected 289 gold pieces.

Inventory:

Hand Weapons
 a - a +0 mace (weapon)
 n - a +2 flail of holy wrath
Armour
 m - a +0 scale mail
 t - a +3 chain mail of magic resistance (worn)
 u - a +0 plate armour
Jewellery
 o - an amulet of faith (around neck)
Wands
 l - a wand of magic darts (18)
Scrolls
 g - 3 scrolls of identify {unknown}
 i - a scroll of enchant weapon {unknown}
 p - 2 scrolls of blinking {unknown}
 s - a scroll of fear {unknown}
Potions
 e - a potion of haste
 f - 2 potions of poison {unknown}
 h - a potion of ambrosia {unknown}
 j - a potion of flight
 k - a potion of lignification {unknown}
 q - 3 potions of curing {unknown}
 x - a potion of might {unknown}
Comestibles
 b - 2 meat rations
 c - 3 bread rations
 d - a slice of pizza
 r - a beef jerky
 v - 3 fruits
 w - 12 chunks of flesh
 z - a royal jelly


   Skills:
 - Level 3.6 Fighting
 + Level 12.2 Maces & Flails
 - Level 2.4 Armour
 - Level 2.1 Dodging
 - Level 0.1 Stealth


You had 7 spell levels left.
You didn't know any spells.

Dungeon Overview and Level Annotations

Branches:
Dungeon (4/15)
 Temple: D:4-7

Altars:


Innate Abilities, Weirdness & Mutations

You reflexively headbutt those who attack you in melee.
You have a pair of horns on your head.


Message History

The ogre hits you with a giant spiked club!
The adder bites you but does no damage.
You miss the adder.
The adder is moderately wounded.
The adder bites you but does no damage.
You sock the adder!
You kill the adder!
Trog accepts your kill.
You feel sick.
The ogre hits you with a giant spiked club.
You sock the ogre! You headbutt the ogre!
The ogre is heavily wounded.
You barely miss the ogre. Your headbutt misses the ogre.
The ogre is heavily wounded.
The ogre hits you with a giant spiked club!!
* * * LOW HITPOINT WARNING * * *
You sock the ogre!
The ogre is almost dead.
The ogre hits you with a giant spiked club!!
You die...

.+ ## ..# #.## ..#
#...####..##
#...........
#...........
#...O....... #..@#
..##...#############
.....................
.....................
.............##...###
..########...###########
# #...##.........
#..............
#..............


You could see an ogre.

Vanquished Creatures
  The ghost of Ultraviolent4 the Charlatan, an amateur HEEE (D:4)
  Edmund (D:4)
  7 big kobolds (D:3)
  A hound (D:4)
  2 orc priests (D:3)
  An orc wizard (D:3)
  Ijyb (D:2)
  2 iguanas (D:4)
  Jessica (D:2)
  A centaur skeleton (D:4)
  Natasha (twice) (D:4)
  2 worker ants
  Robin (D:4)
  2 gnolls (D:3)
  5 adders
  An ooze (D:2)
  A worm (D:3)
  A giant gecko (D:3)
  6 orcs
  A ball python (D:2)
  10 bats
  3 giant cockroaches
  9 goblins
  11 hobgoblins
  11 jackals
  44 kobolds
  3 quokkas
  A giant gecko skeleton (D:4)
  4 giant newts
  8 rats
144 creatures vanquished.

Notes
Turn   | Place    | Note
--------------------------------------------------------------
     0 | D:1      | craggadee the Minotaur Berserker began the quest for the Orb.
     0 | D:1      | Reached XP level 1. HP: 19/19 MP: 0/0
   161 | D:1      | Reached skill level 4 in Maces & Flails
   193 | D:1      | Reached XP level 2. HP: 21/26 MP: 1/1
   684 | D:2      | Noticed Jessica
   693 | D:2      | Killed Jessica
   693 | D:2      | Reached skill level 5 in Maces & Flails
   693 | D:2      | Reached XP level 3. HP: 15/31 MP: 2/2
  1138 | D:2      | Noticed Ijyb
  1146 | D:2      | Killed Ijyb
  1146 | D:2      | Reached skill level 6 in Maces & Flails
  1146 | D:2      | Reached XP level 4. HP: 36/39 MP: 3/3
  1196 | D:2      | Found a faded altar to an unknown god.
  1197 | D:2      | Reached ** piety under Trog
  1717 | D:3      | Reached skill level 7 in Maces & Flails
  1717 | D:3      | Reached XP level 5. HP: 32/45 MP: 4/4
  1987 | D:3      | Reached *** piety under Trog
  2122 | D:3      | Noticed a big kobold
  2129 | D:3      | Killed a big kobold
  2129 | D:3      | Reached skill level 8 in Maces & Flails
  2129 | D:3      | Reached XP level 6. HP: 24/51 MP: 5/5
  2148 | D:3      | Noticed a big kobold
  2148 | D:3      | Noticed a big kobold
  2148 | D:3      | Noticed a big kobold
  2152 | D:3      | Killed a big kobold
  2155 | D:3      | Killed a big kobold
  2155 | D:3      | Reached skill level 9 in Maces & Flails
  2159 | D:3      | Killed a big kobold
  2159 | D:3      | Reached XP level 7. HP: 31/57 MP: 6/6
  2165 | D:3      | Reached **** piety under Trog
  2480 | D:3      | Noticed a big kobold
  2485 | D:3      | Killed a big kobold
  2485 | D:3      | Reached skill level 10 in Maces & Flails
  2497 | D:3      | Noticed a big kobold
  2497 | D:3      | Noticed a big kobold
  2507 | D:3      | Killed a big kobold
  2510 | D:3      | Killed a big kobold
  2569 | D:3      | Reached ***** piety under Trog
  2971 | D:4      | Noticed Edmund
  3040 | D:4      | Killed Edmund
  3040 | D:4      | Reached skill level 11 in Maces & Flails
  3089 | D:4      | Noticed Ultraviolent4's ghost (amateur HEEE)
  3098 | D:4      | Killed Ultraviolent4's ghost
  3098 | D:4      | Reached XP level 8. HP: 35/64 MP: 7/7
  3448 | D:4      | Noticed Robin
  3461 | D:4      | Killed Robin
  3486 | D:4      | Received a gift from Trog
  3516 | D:4      | Noticed Natasha
  3519 | D:4      | Killed Natasha
  3560 | D:4      | Noticed Natasha
  3569 | D:4      | Killed Natasha
  3578 | D:4      | Reached skill level 12 in Maces & Flails
  3701 | D:4      | Mangled by an ogre

Action                   |  1- 3 |  4- 6 |  7- 9 || total
-------------------------+-------+-------+-------++-------
Melee: Mace              |    59 |   106 |   190 ||   355
Invok: Berserk           |     1 |     2 |     2 ||     5
  Use: Potion            |       |       |     2 ||     2
  Eat: Chunk             |     1 |     5 |     4 ||    10
       Fruit             |       |       |     5 ||     5
